 Dungeon Crawl Stone Soup version 0.32-a0-163-g159c032 (webtiles) character file.

Game seed: 7312058331079427175

264274 december12 the Spry (level 20, -1/210 HPs)
             Began as a Barachi Artificer on Feb 11, 2024.
             Was an Initiate of Yredelemnul.
             Slain by a +4 battleaxe of distortion (27 damage)
             ... on level 2 of the Elven Halls.
             The game lasted 01:10:42 (32806 turns).

december12 the Spry (Barachi Artificer)            Turns: 32806, Time: 01:10:43

Health: -1/210     AC: 31    Str: 16    XL:     20   Next: 4%
Magic:  32/32      EV: 31    Int: 14    God:    Yredelemnul [......]
Gold:   2437       SH:  0    Dex: 20    Spells: 9/35 levels left

rFire   + . .        a - +5 scimitar (flame)
rCold   + . .        (no shield)
rNeg    + + .        w - melded +2 ring mail {rF+}
rPois   ∞            C - +2 hat
rElec   +            e - +1 cloak of Starlight {*Dazzle EV+4 Stlth--}
rCorr   .            N - melded +0 pair of fencer's gloves {Riposte Dex+3}
SInv    .            Y - melded +0 pair of boots of Immorality {*Slow rPois Will+++ Stlth+}
Will    +....        A - amulet of regeneration
Stlth   +            B - ring "Gachodias" {rF+ rN+ Dex+3 Stlth+}
HPRegen 1.35/turn    s - ring of protection from cold
MPRegen 0.23/turn

%: no passive effects
@: mighty, statue-form, very slow
A: slow and powerful, torment resistance 1, boosted hp, amphibious, (slowness
1), strong legs 2, +LOS
}: 2/15 runes: decaying, gossamer
a: Hop, Begin Untransformation, Renounce Religion, Recall Undead Harvest


You were on level 2 of the Elven Halls.
You worshipped Yredelemnul.
Yredelemnul was aware of your devotion.
You were a living statue of rough stone.
You visited 7 branches of the dungeon, and saw 33 of its levels.
You visited the Abyss 1 time.
You also visited: Ice Cave.

You collected 3904 gold pieces.
You spent 1467 gold pieces at shops.

Inventory:

Hand Weapons
 a - a +5 scimitar of flaming (weapon)
Missiles
 l - 11 curare-tipped darts
 Z - 7 throwing nets (quivered) {!f}
Armour
 e - the +1 cloak of Starlight (worn) {*Dazzle EV+4 Stlth--}
   (You found it on level 14 of the Dungeon)

   *Dazzle:   It may blind those who miss an attack against the wearer in melee
   combat.
   EV+4:      It affects your evasion (+4).
   Stlth--:   It makes you much less stealthy.
 w - a +2 ring mail of fire resistance (melded)
 C - a +2 hat (worn)
 N - the +0 pair of fencer's gloves (melded) {Riposte Dex+3}
   (You found it on level 4 of the Spider Nest)

   Riposte:   It allows the wearer to riposte with melee weapons, swiftly
   retaliating against missed or blocked melee attacks.
   Dex+3:     It affects your dexterity (+3).
 Y - the +0 pair of boots of Immorality (melded) {*Slow rPois Will+++ Stlth+}
   (You bought it in a shop on level 14 of the Dungeon)

   rPois:     It protects you from poison Will+++: It greatly increases your
   willpower.
   *Slow:     It may slow you when you take damage.
   Stlth+:    It makes you more stealthy.
Jewellery
 s - a ring of protection from cold (right fist)
 A - an amulet of regeneration (around neck)
 B - the ring "Gachodias" (left fist) {rF+ rN+ Dex+3 Stlth+}
   (You found it in an ice cave)

   [ring of positive energy]

   Dex+3:     It affects your dexterity (+3).
   rF+:       It protects you from fire.
   rN+:       It protects you from negative energy.
   Stlth+:    It makes you more stealthy.
Talismans
 b - a granite talisman (active)
Wands
 d - a wand of charming (19)
 t - a wand of quicksilver (4)
 I - a wand of mindburst (12)
 J - a wand of iceblast (16)
 V - a wand of digging (9)
Scrolls
 f - 5 scrolls of blinking
 g - 6 scrolls of immolation
 k - 16 scrolls of teleportation
 n - 11 scrolls of vulnerability
 o - 3 scrolls of fog
 p - 6 scrolls of poison
 r - a scroll of identify
 y - 5 scrolls of enchant armour
 z - a scroll of enchant weapon
 D - 6 scrolls of revelation
 F - 4 scrolls of fear
 G - 2 scrolls of silence
 K - 8 scrolls of amnesia
 L - 2 scrolls of torment
 M - 3 scrolls of brand weapon
Potions
 h - 7 potions of invisibility
 i - 6 potions of brilliance
 j - 7 potions of lignification
 m - 7 potions of enlightenment
 q - 9 potions of ambrosia
 v - 4 potions of might
 x - 3 potions of haste
 E - 2 potions of resistance {unknown}
 H - 8 potions of mutation
 P - 6 potions of attraction
 R - 7 potions of heal wounds
 T - 4 potions of cancellation
 U - 9 potions of curing
 X - 2 potions of magic
Miscellaneous
 c - a tin of tremorstones (2/2)
 u - a sack of spiders
 O - a lightning rod (4/4)
 S - a phial of floods
 W - a phantom mirror (inert)


   Skills:
 - Level 15.0 Fighting
 - Level 16.0 Long Blades
 - Level 6.0 Armour
 + Level 19.7 Dodging
 - Level 0.8 Stealth
 + Level 8.2 Spellcasting
 - Level 5.0 Conjurations
 * Level 10.3 Hexes
 - Level 4.0 Translocations
 * Level 9.2 Air Magic
 - Level 5.0 Alchemy
 + Level 9.4 Invocations
 - Level 4.0 Evocations
 - Level 16.0 Shapeshifting


You had 9 spell levels left.
You knew the following spells:

 Your Spells              Type           Power      Damage    Failure   Level
a - Mephitic Cloud        Conj/Alch/Air  23%        N/A       2%          3
b - Summon Mana Viper     Hex/Summ       20%        N/A       38%         5
c - Manifold Assault      Tloc           16%        N/A       24%         4
e - Freezing Cloud        Conj/Ice/Air   9%         6-21      45%         5
v - Blink                 Tloc           32%        N/A       3%          2
S - Silence               Hex/Air        16%        N/A       6%          5
W - Lesser Beckoning      Tloc           32%        N/A       3%          2

Your spell library contained the following spells:

 Spells                   Type           Power      Damage    Failure   Level
 Jinxbite                 Hex            68%        N/A       1%          2
 Mercury Vapours          Alch/Air       50%        N/A       1%          2
 Tukima's Dance           Hex            34%        N/A       1%          3
 Apportation              Tloc           32%        N/A       2%          1
 Momentum Strike          Conj/Tloc      36%        3d9       3%          2
 Dimensional Bullseye     Hex/Tloc       12%        N/A       6%          4
 Gell's Gravitas          Tloc           16%        N/A       8%          3
 Teleport Other           Tloc           16%        N/A       8%          3
 Stone Arrow              Conj/Erth      24%        3d8       14%         3
 Fulminant Prism          Conj/Alch      9%         3d7       16%         4
 Volatile Blastmotes      Fire/Tloc      22%        2d11      17%         3
 Iskenderun's Mystic Bla  Conj/Tloc      18%        2d6       21%         4
 Passage of Golubria      Tloc           16%        N/A       24%         4
 Ozocubu's Armour         Ice            5%         N/A       36%         3
 Summon Ice Beast         Ice/Summ       5%         N/A       36%         3
 Metabolic Englaciation   Hex/Ice        10%        N/A       38%         5
 Alistair's Intoxication  Alch           12%        N/A       41%         5
 Iskenderun's Battlesphe  Conj           19%        2d7       41%         5
 Animate Armour           Summ/Erth      10%        N/A       77%         4
 Summon Blazeheart Golem  Fire/Summ      5%         N/A       77%         4
 Summon Forest            Summ/Tloc      5%         N/A       83%         5
 Dispersal                Tloc           8%         N/A       98%         6
 Bombard                  Conj/Erth      6%         9d2       100%        6
 Sculpt Simulacrum        Ice/Alch       6%         N/A       100%        6
 Summon Cactus Giant      Summ           2%         N/A       100%        6
 Monstrous Menagerie      Summ           2%         N/A       100%        7
 Orb of Destruction       Conj           9%         9d6       100%        7
 Spellforged Servitor     Conj/Summ      6%         N/A       100%        7
 Disjunction              Tloc           8%         N/A       100%        8
 Lehudib's Crystal Spear  Conj/Erth      6%         10d3      100%        8
 Chain Lightning          Conj/Air       12%        3d16      100%        9
 Fire Storm               Conj/Fire      6%         8d2       100%        9
 Shatter                  Erth           2%         3d6*      100%        9


Dungeon Overview and Level Annotations

Branches:
Dungeon (15/15)            Temple (1/1) D:4            Lair (5/5) D:8
  Swamp (4/4) Lair:2       Spider (4/4) Lair:2        Slime (0/5) Lair:5
    Orc (2/2) D:11            Elf (2/3) Orc:2        Vaults (0/5) D:14
 Depths (0/4) D:15          IceCv (visited)

Altars:
Ashenzari
Cheibriados
Dithmenos
Elyvilon
Fedhas
Gozag
Hepliaklqana
Kikubaaqudgha
Makhleb
Nemelex Xobeh
Okawaru
Qazlal
Ru
Sif Muna
Trog
Uskayaw
Vehumet
Wu Jian
Xom
Yredelemnul
Zin
The Shining One

Shops:
D:2 ?   D:9 [   D:14 [   Orc:2 [*[*   Elf:1 *:

Portals:
Trove: D:11 (give +3 shadow dragon scales)

Annotations:
Elf:2 3 runed translucent doors, Saint Roka


Innate Abilities, Weirdness & Mutations

You are a living statue of rough stone.
Your actions are slow, but your melee attacks are powerful.
You are resistant to unholy torment.
Your maximum health is greatly increased.
Your equipment is partially melded.
You are amphibious.
You are immune to poison.
((You cover ground slowly.))
You can hop long distances.
You have an extended range of vision and can be seen from far away.


Message History

The quasit completely misses you.
The quasit's sight is seared by the starlight!
The quasit closely misses you. The quasit completely misses you.
The large abomination completely misses you.
The hellwing completely misses you. The hellwing misses you.
The large abomination hits you!!
Your spectral hellwing hits the large abomination.
The large abomination is destroyed!
Your spectral hellwing barely misses the large abomination.
Your spectral hellwing hits the large abomination but does no damage.
Your spectral white imp hits the large abomination.
The quasit barely misses you.
The quasit is temporarily struck blind!
The quasit completely misses you. x2
The large abomination completely misses you.
The hellwing closely misses you. The hellwing completely misses you.
The large abomination completely misses you.
Your spectral hellwing hits the large abomination.
Your spectral hellwing hits the large abomination but does no damage.
The quasit completely misses you. x3
Your spectral white imp hits the large abomination but does no damage.
The large abomination hits you!!
* * * LOW HITPOINT WARNING * * *
The large abomination completely misses you.
The hellwing hits you but does no damage.
The hellwing completely misses you.
Your spectral hellwing hits the large abomination but does no damage.
Your spectral hellwing barely misses the large abomination.
You pass through the gate.
Welcome back to the Elven Halls!
Your mindless puppets stay behind to rot.
Level annotation: 3 runed translucent doors, Saint Roka You can no longer trade souls for undead servants.
The deep elf pyromancer mumbles some strange words.
The +4 battleaxe of distortion hits you!!
* * * LOW HITPOINT WARNING * * *
Space warps around you.
* * * LOW HITPOINT WARNING * * *
The +4 battleaxe of distortion hits you!!
You die...
Your body becomes fuel for the black torch.

.####.)......## .#
#)).......## .#
#....).....## .... ##
#⌠..........## ......
#............# ......
#..........⌠.# ##.......#
##...........#
##..e.....##
##........X5###..........#
##.......4I##○.........#
##..⌠...X(e#○.°.......# #
##.......+o(eE(......## #
#######++.(oeoo......# #
##(oo.Eoo......# #
#....o(.e.......# #
#.........o......# #
#..................# #
.....................


You could see a deep elf knight, 2 large abominations, a hellwing, a deep elf
pyromancer, a deep elf zephyrmancer, a fire elemental (summoned), an orc
warrior, 5 dancing weapons, a quasit (blind, unable to see you) and 7 orcs.

Vanquished Creatures
  Nikola (Swamp:1)
  A shard shrike zombie (Abyss:2)
  Zenata (Elf:1)
  A tentacled monstrosity (Swamp:4)
  Asterion (Elf:1)
  2 tentacled starspawn (Abyss:2)
  A thorn hunter (Swamp:4)
  The ghost of Caerwyn the Warrior, an adept KoBe of Trog (Swamp:2)
  Aizul (Elf:1)
  2 fenstrider witches
  Roxanne (Swamp:1)
  2 deep elf sorcerers
  An angel (Abyss:2)
  6 ghost moths
  2 orc warlords (Orc:2)
  A cacodemon (Abyss:2)
  A stone giant (D:15)
  4 eleionomae
  3 spark wasps
  2 bunyips
  A deep elf annihilator (Elf:2)
  Snorg (Lair:3)
  A shambling mangrove (Swamp:3)
  An ettin (Orc:1)
  3 entropy weavers (Spider:3)
  12 hydras
  An ice dragon (IceCv)
  A ghost crab (Swamp:4)
  A merfolk avatar (Lair:5)
  Harold (D:10)
  6 centaur warriors
  8 jorogumos
  6 alligators
  3 radroaches
  Erica (D:11)
  7 two-headed ogres
  2 boulder beetles (D:15)
  16 dancing weapons
  4 demonic crawlers
  Urug (Lair:5)
  An orc high priest (Orc:2)
  3 thrashing horrors (Abyss:2)
  9 deep elf knights
  Nergalle (D:11)
  2 wretched stars (D:14)
  A sixfirhy (D:9)
  2 cherubim (D:14)
  6 pharaoh ants
  2 goliath frogs
  A ghost moth zombie (Spider:2)
  2 spriggan druids
  A spriggan rider (Swamp:1)
  5 bog bodies
  An orange crystal statue (D:8)
  A death drake (Abyss:2)
  5 orb spiders
  A deep troll (D:15)
  6 deep elf archers
  8 swamp dragons
  2 sun moths (Spider:3)
  A lindwurm (Lair:4)
  8 steelbarb worms
  A necromancer (D:15)
  A harpy (shapeshifter) (Elf:1)
  11 deep elf pyromancers
  10 deep elf zephyrmancers
  5 cyclopes
  A large abomination (Abyss:2)
  3 orc knights
  2 orc sorcerers
  3 ugly things
  3 manticores
  6 will-o-the-wisps
  2 moths of wrath
  14 wolf spiders
  The ghost of Dorkslayer the Insei, a novice OpFi (D:6)
  10 meliai
  2 smoke demons (Abyss:2)
  11 elephants
  2 black mambas
  A gargoyle (D:12)
  2 ice statues (IceCv)
  10 cane toads
  3 torpor snails
  An elf zombie (Elf:2)
  8 rime drakes
  6 komodo dragons
  3 trolls
  The ghost of gb0801 the Sneak, a novice VSBr of Uskayaw (D:5)
  2 tengu conjurers (D:15)
  9 hornets
  A bloated husk (Swamp:4)
  A hellwing (Abyss:2)
  3 polar bears (Lair:5)
  13 tyrant leeches
  A queen bee (D:15)
  13 tarantellas
  8 saltlings (Orc:2)
  14 blink frogs
  A raiju (Abyss:2)
  2 snapping turtles (Lair:5)
  21 jumping spiders
  4 spriggans
  17 culicivoras
  A vampire (D:10)
  2 shadows
  Sigmund (D:2)
  An air elemental (Elf:1)
  7 water elementals
  9 humans (D:14)
  2 wyverns (Lair:3)
  30 yaks
  8 basilisks
  4 wargs
  2 steam dragons
  3 fire elementals
  24 redbacks
  7 vampire mosquitoes
  11 swamp worms
  6 water moccasins
  A swamp drake (shapeshifter) (D:15)
  5 swamp drakes
  An ice beast (shapeshifter) (D:13)
  3 ice beasts
  14 orc warriors
  3 ogres (Orc:2)
  2 laughing skulls (D:15)
  A small abomination (Abyss:2)
  8 centaurs
  4 boggarts (D:14)
  A tengu (D:5)
  3 wolves (Lair:5)
  A kobold brigand (D:11)
  7 bullfrogs
  2 gnoll sergeants
  3 scorpions
  5 wights (Abyss:2)
  15 killer bees
  7 electric eels
  A howler monkey (D:9)
  5 bombardier beetles
  9 komodo dragon simulacra (IceCv)
  8 orc priests
  A water moccasin simulacrum (D:5)
  A gnoll bouda (D:8)
  2 hounds
  A sleepcap (D:8)
  Jessica (D:2)
  Ijyb (D:5)
  4 hell rats (Lair:3)
  An iguana (D:4)
  7 orc wizards
  4 bullfrog simulacra (D:5)
  Robin (D:3)
  6 acid dragon simulacra (IceCv)
  13 gnolls
  7 adders
  A shadow imp (D:8)
  A white imp (D:8)
  An ufetubus (D:7)
  5 steam dragon simulacra (IceCv)
  3 dart slugs
  A ribbon worm (D:2)
  45 orcs
  7 endoplasms
  4 giant cockroaches
  4 hobgoblins
  13 jackals
  10 kobolds
  7 quokkas
  6 ball pythons
  5 bats
  5 frilled lizards
  21 goblins
  4 rats
834 creatures vanquished.

Vanquished Creatures (collateral kills)
  A spectral hydra (Spider:1)
  Arachne (Spider:4)
  A tentacled monstrosity (Swamp:4)
  Rupert (D:13)
  3 emperor scorpions
  2 ghost moths (Spider:4)
  A broodmother (Spider:1)
  A spriggan defender (Swamp:2)
  A bunyip (Swamp:3)
  2 eleionomae
  A spark wasp (Spider:4)
  3 entropy weavers
  A fire dragon (Lair:4)
  8 hydras
  A catoblepas (Lair:5)
  An ogre mage (D:10)
  4 alligators
  3 two-headed ogres
  3 boulder beetles
  A tengu warrior (D:14)
  A spriggan berserker (Swamp:2)
  A thrashing horror (Abyss:2)
  2 demonic crawlers
  An orc high priest (Orc:2)
  A death drake (Swamp:4)
  3 pharaoh ants
  2 spriggan druids (Swamp:2)
  9 orb spiders
  A bog body (Swamp:1)
  7 swamp dragons
  2 sun moths
  A deep elf archer (Elf:1)
  A steelbarb worm (Spider:1)
  A large abomination (Abyss:2)
  2 deep elf pyromancers
  A necromancer (Swamp:2)
  An orc knight (Orc:2)
  A wolf spider zombie (Spider:1)
  3 ugly things (D:14)
  2 deep elf zephyrmancers (Elf:2)
  2 orc sorcerers (Orc:2)
  13 wolf spiders
  2 will-o-the-wisps
  5 elephants
  2 meliai
  3 torpor snails
  2 komodo dragons
  3 cane toads
  7 rime drakes
  4 trolls
  2 efreet (D:10)
  5 hornets (Swamp:2)
  A hellwing (Abyss:2)
  5 tyrant leeches
  A polar bear (Lair:3)
  A saltling (Orc:2)
  7 tarantellas
  15 blink frogs
  A jumping spider zombie (Lair:2)
  13 culicivoras
  14 jumping spiders
  A shadow (D:11)
  2 water elementals (D:14)
  7 humans (D:14)
  9 spriggans
  16 yaks
  7 basilisks
  A warg (Orc:2)
  4 wyverns (Lair:3)
  25 redbacks
  3 steam dragons
  A vampire mosquito (D:12)
  A redback simulacrum (D:14)
  4 swamp worms
  2 water moccasins
  An ice beast (D:8)
  3 swamp drakes
  A black bear (Lair:3)
  4 orc warriors
  An ogre (D:6)
  2 centaurs
  A wolf (Lair:5)
  A phantom (D:5)
  2 bullfrogs
  A killer bee (D:11)
  2 howler monkeys (D:10)
  An orc priest (Orc:2)
  4 orc wizards
  2 hell rats (Lair:3)
  An acid dragon simulacrum (IceCv)
  6 gnolls
  3 white imps
  An ufetubus (D:7)
  19 orcs
  A jackal (D:4)
  A goblin (D:4)
  2 orc zombies (Orc:2)
  A starspawn tentacle (Abyss:2)
335 creatures vanquished.

Vanquished Creatures (others)
  A guardian serpent zombie (Elf:1)
  A spectral catoblepas (Swamp:2)
  A deep elf knight (Elf:2)
  3 spark wasp zombies
  A bunyip zombie (Swamp:4)
  A spectral cacodemon (Abyss:2)
  A ghost moth zombie (Spider:4)
  A spriggan druid (Swamp:4)
  7 wolf spider zombies
  A spectral two-headed ogre (D:15)
  A deep elf pyromancer (Elf:1)
  2 deep elf zephyrmancers (Elf:1)
  An ugly thing zombie (D:14)
  A broodmother zombie (Spider:1)
  3 alligator zombies
  A meliai (Spider:2)
  An eleionoma zombie (Swamp:3)
  4 swamp worm zombies
  7 orb spider zombies
  3 steelbarb worm zombies
  A rime drake (Lair:5)
  10 redback zombies
  A hydra zombie (Swamp:4)
  A harpy zombie (Elf:1)
  A death drake zombie (Abyss:2)
  A bloated husk (Swamp:4)
  A demonic crawler zombie (Spider:4)
  8 jumping spider zombies
  3 tarantella zombies (Spider:4)
  7 culicivora zombies
  3 meliai zombies
  A black mamba zombie (Lair:5)
  2 tyrant leech zombies (Swamp:2)
  A redback (Spider:4)
  18 elf zombies
  A spectral basilisk (Lair:3)
  2 cane toad zombies
  5 blink frog zombies
  4 hornet zombies
  A swamp dragon zombie (Swamp:2)
  An elephant zombie (Lair:5)
  A torpor snail zombie (Spider:1)
  2 rime drake zombies
  A warg zombie (Orc:2)
  A gnoll sergeant (D:6)
  A wyvern zombie (Lair:3)
  A water moccasin zombie (Lair:3)
  2 polar bear zombies
  A killer bee (D:11)
  A troll zombie (Orc:2)
  5 spriggan zombies (Swamp:2)
  4 yak zombies
  2 wolf zombies (Lair:5)
  3 centaur zombies
  5 bullfrog zombies
  3 basilisk zombies
  A jelly (D:4)
  A black bear zombie (Lair:3)
  6 human zombies
  2 orc priests
  A sleepcap (D:6)
  A boggart zombie (D:14)
  An orc wizard (D:6)
  6 killer bee zombies (D:15)
  An ice beast zombie (D:7)
  A hound zombie (D:6)
  2 swamp drake zombies
  An adder zombie (D:6)
  10 gnoll zombies
  A bombardier beetle zombie (D:5)
  25 orc zombies
  A quokka zombie (D:4)
  32 foxfires
  7 starspawn tentacles (Abyss:2)
248 creatures vanquished.

Grand Total: 1417 creatures vanquished

Notes
Turn   | Place    | Note
-------+----------+-------------------------------------------
     0 | D:1      | december12 the Barachi Artificer began the quest for the
                  | Orb.
     0 | D:1      | Reached XP level 1. HP: 15/15 MP: 1/1
   347 | D:1      | Reached XP level 2. HP: 22/22 MP: 2/2
   582 | D:1      | Reached XP level 3. HP: 27/28 MP: 3/3
  1211 | D:2      | Noticed Sigmund
  1227 | D:2      | Killed Sigmund
  1228 | D:2      | Reached skill level 5 in Fighting
  1228 | D:2      | Reached XP level 4. HP: 13/40 MP: 4/4
  1228 | D:2      | Reached XP level 5. HP: 15/46 MP: 5/5
  1585 | D:2      | Reached XP level 6. HP: 53/53 MP: 6/6
  1590 | D:2      | Found Miegriw's Magic Scroll Emporium.
  1600 | D:2      | Bought a scroll of identify for 22 gold pieces
  1671 | D:2      | Found a shimmering altar of Xom.
  1672 | D:2      | Noticed Jessica
  1674 | D:2      | Killed Jessica
  2005 | D:3      | Noticed Robin
  2221 | D:3      | Killed Robin
  3187 | D:4      | Found a staircase to the Ecumenical Temple.
  3194 | Temple   | Entered the Ecumenical Temple
  3207 | Temple   | Became a worshipper of Yredelemnul the Dark
  3474 | D:4      | Reached XP level 7. HP: 49/62 MP: 7/7
  3478 | D:4      | Reached * piety under Yredelemnul
  3942 | D:5      | Entered Level 5 of the Dungeon
  4048 | D:5      | Reached skill level 1 in Long Blades
  4202 | D:5      | Noticed Ijyb
  4217 | D:5      | Killed Ijyb
  4299 | D:5      | Found a runed translucent gate.
  4299 | D:5      | Found a runed translucent gate.
  4299 | D:5      | Found a runed translucent gate.
  4328 | D:5      | Noticed gb0801's ghost (novice VSBr)
  4355 | D:5      | Reached skill level 2 in Dodging
  4355 | D:5      | Reached skill level 1 in Invocations
  4452 | D:5      | Noticed a hornet
  4462 | D:5      | a hornet changed into a swamp drake
  4469 | D:5      | Reached XP level 8. HP: 32/71 MP: 8/8
  4744 | D:6      | Reached skill level 3 in Dodging
  4839 | D:6      | Reached ** piety under Yredelemnul
  5022 | D:6      | Identified the +6 dagger of Jopteann {freeze, rF+ rN+ MP+9
                  | Int-3}
  5060 | D:6      | Found a snail-covered altar of Cheibriados.
  5140 | D:6      | Found a large runed translucent door.
  5140 | D:6      | Found a large runed translucent door.
  5141 | D:6      | Noticed Dorkslayer's ghost (novice OpFi)
  5370 | D:6      | Killed Dorkslayer's ghost
  5371 | D:6      | Reached skill level 4 in Dodging
  5462 | D:7      | Reached XP level 9. HP: 52/78 MP: 6/10
  5555 | D:7      | Reached skill level 5 in Long Blades
  5832 | D:7      | Reached skill level 10 in Fighting
  6823 | D:8      | Found a radiant altar of Vehumet.
  7098 | D:8      | Noticed an orange crystal statue
  7304 | D:8      | Reached XP level 10. HP: 86/86 MP: 13/13
  7713 | D:8      | Found a staircase to the Lair.
  8225 | D:9      | Noticed a two-headed ogre
  8238 | D:9      | Killed a two-headed ogre
  8239 | D:9      | Reached skill level 10 in Long Blades
  8239 | D:9      | Reached skill level 5 in Invocations
  8296 | D:9      | Reached *** piety under Yredelemnul
  8528 | D:10     | Entered Level 10 of the Dungeon
  8973 | D:9      | Identified the +4 trident of the Freezing Fox {freeze,
                  | Str+2}
  9041 | D:9      | Found a runed translucent door.
  9041 | D:9      | Noticed a sixfirhy
  9067 | D:9      | Noticed a two-headed ogre
  9085 | D:9      | Killed a two-headed ogre
  9164 | D:9      | Found Xixzeu's Antique Armour Boutique.
  9292 | D:9      | HP: 4/89 [sixfirhy (10)]
  9295 | D:9      | Killed a sixfirhy
  9591 | D:10     | Reached XP level 11. HP: 93/95 MP: 14/14
  9596 | D:10     | Noticed Harold
  9617 | D:10     | Killed Harold
  9618 | D:10     | Reached skill level 5 in Dodging
  9625 | D:10     | Noticed a two-headed ogre
  9674 | D:10     | Noticed a cyclops
  9675 | D:10     | Noticed an ogre mage
  9730 | D:10     | Noticed a cyclops
  9811 | D:10     | Killed a cyclops
 10033 | D:10     | Noticed a white ugly thing
 10051 | D:10     | Killed a white ugly thing
 10052 | D:10     | Reached skill level 6 in Dodging
 10121 | D:10     | Noticed a cyclops
 10130 | D:10     | Killed a cyclops
 10196 | D:10     | Noticed a two-headed ogre
 10198 | D:10     | Found a shadowy altar of Dithmenos.
 10199 | D:10     | Found an ancient bone altar of Kikubaaqudgha.
 10203 | D:10     | Killed a two-headed ogre
 10204 | D:10     | Reached **** piety under Yredelemnul
 10330 | D:10     | Found a glowing silver altar of Zin.
 10333 | D:10     | Found a bloodstained altar of Trog.
 10407 | D:10     | Reached ***** piety under Yredelemnul
 10673 | D:10     | Killed a two-headed ogre
 10673 | D:10     | Charmed a two-headed ogre
 10804 | D:11     | Found a broken altar of Ashenzari.
 10834 | D:11     | Noticed a boulder beetle
 10834 | D:11     | Noticed a two-headed ogre
 10839 | D:11     | Killed a two-headed ogre
 10860 | D:11     | Killed a boulder beetle
 10861 | D:11     | Reached skill level 7 in Dodging
 10948 | D:11     | Found a staircase to the Orcish Mines.
 10948 | D:11     | Noticed Erica
 10949 | D:11     | Noticed Nergalle
 10966 | D:11     | Killed Nergalle
 10977 | D:11     | Killed Erica
 11011 | D:11     | Reached XP level 12. HP: 82/103 MP: 11/16
 11109 | D:11     | Reached skill level 8 in Dodging
 11110 | D:11     | Found a frozen archway.
 11136 | IceCv    | Entered an ice cave
 11500 | IceCv    | Noticed an ice dragon
 11511 | IceCv    | Killed an ice dragon
 11759 | IceCv    | Identified the ring "Gachodias" {rF+ rN+ Dex+3 Stlth+}
 12363 | D:11     | Found a portal to a secret trove of treasure.
 12735 | D:12     | Reached skill level 9 in Dodging
 13384 | D:13     | Noticed a five-headed hydra
 13392 | D:13     | Killed a one-headed hydra
 13436 | D:13     | Noticed a two-headed ogre
 13443 | D:13     | Killed a two-headed ogre
 13502 | D:13     | Noticed a centaur warrior
 13512 | D:13     | Killed a centaur warrior
 13557 | D:13     | Noticed Rupert
 13560 | D:13     | Paralysed by Rupert for 5 turns
 13569 | D:13     | Killed Rupert
 13570 | D:13     | Reached skill level 15 in Long Blades
 13570 | D:13     | Reached skill level 10 in Dodging
 13630 | D:13     | Noticed a centaur warrior
 13641 | D:13     | Killed a centaur warrior
 13641 | D:13     | Reached ****** piety under Yredelemnul
 13642 | D:13     | Gained mutation: You can hop long distances. [Barachi
                  | growth]
 13642 | D:13     | Reached XP level 13. HP: 36/111 MP: 18/18
 13981 | D:14     | Found a gate to the Vaults.
 14057 | D:14     | Reached skill level 11 in Dodging
 14423 | D:14     | Found Lauleheq's Antique Armour Shop.
 14432 | D:14     | Bought a pair of translucent boots for 313 gold pieces
 14432 | D:14     | Identified the +0 pair of boots of Immorality {*Slow rPois
                  | Will+++ Stlth+} (You bought it in a shop on level 14 of the
                  | Dungeon)
 14864 | D:14     | Found the +1 cloak of Starlight {*Dazzle EV+4 Stlth--}
 15001 | D:15     | Entered Level 15 of the Dungeon
 15016 | D:15     | Reached skill level 12 in Dodging
 15644 | D:15     | Noticed a stone giant
 15657 | D:15     | Killed a stone giant
 15658 | D:15     | Reached XP level 14. HP: 79/121 MP: 20/20
 15670 | D:15     | Found a staircase to the Depths.
 15689 | D:15     | Reached skill level 13 in Dodging
 15811 | D:15     | Reached skill level 15 in Fighting
 16361 | Lair:1   | Entered Level 1 of the Lair of Beasts
 16686 | Lair:1   | Reached skill level 14 in Dodging
 17099 | Lair:2   | Identified the +8 spear of Recklessness {vamp, +Blink rC+++
                  | Str-3 Int+3}
 17186 | Lair:2   | Found a staircase to the Swamp.
 17237 | Lair:2   | Reached skill level 15 in Dodging
 17261 | Lair:2   | Identified the ring of Temptation {Fly rN+ Int+6}
 17412 | Lair:2   | Found a hole to the Spider Nest.
 17896 | Lair:3   | Reached skill level 16 in Dodging
 18081 | Lair:3   | Noticed Snorg
 18093 | Lair:3   | Killed Snorg
 18266 | Lair:3   | Reached XP level 15. HP: 129/129 MP: 21/21
 18494 | Lair:3   | Reached skill level 17 in Dodging
 19013 | Lair:4   | Identified the +11 shortbow of Bitour {flame, Str+3 Int+3
                  | Dex+3}
 19424 | Lair:4   | Identified the +4 pearl dragon scales of Pyxeabb {rN+ Str+5
                  | Slay-4}
 19597 | Lair:5   | Entered Level 5 of the Lair of Beasts
 19638 | Lair:5   | Reached skill level 18 in Dodging
 19642 | Lair:5   | Learned a level 3 spell: Mephitic Cloud
 19661 | Lair:5   | Found a staircase to the Slime Pits.
 19717 | Lair:5   | Reached skill level 1 in Spellcasting
 19717 | Lair:5   | Reached skill level 1 in Conjurations
 19717 | Lair:5   | Reached skill level 1 in Air Magic
 19717 | Lair:5   | Reached skill level 1 in Alchemy
 19793 | Lair:5   | Identified the +5 short sword "Jatuogh" {freeze, rC+}
 19803 | Lair:5   | Identified the +0 trident of the Fray {flame, rPois Dex+5}
 20010 | Lair:5   | Reached skill level 5 in Armour
 20123 | Lair:5   | Noticed Urug
 20135 | Lair:5   | Killed Urug
 21051 | D:8      | Identified the ring "Geok" {rElec Str+6}
 21172 | D:5      | Killed gb0801's ghost
 21322 | Orc:1    | Entered Level 1 of the Orcish Mines
 21701 | Orc:2    | Entered Level 2 of the Orcish Mines
 21701 | Orc:2    | Found a staircase to the Elven Halls.
 22050 | Orc:2    | Reached XP level 16. HP: 124/136 MP: 22/22
 22071 | Orc:2    | Found Quilliydd's Assorted Antiques.
 22121 | Orc:2    | Found Kureom's Armour Shoppe.
 22199 | Orc:2    | Bought a scroll of immolation for 92 gold pieces
 22199 | Orc:2    | Bought a scroll labelled TYTIARPHICK for 23 gold pieces
 22199 | Orc:2    | Bought a scroll of teleportation for 69 gold pieces
 22199 | Orc:2    | Bought a ruby potion for 20 gold pieces
 22232 | Orc:2    | Found Xaomufa's General Store.
 22265 | Orc:2    | Found Beepn's Antique Armour Shoppe.
 22565 | Orc:2    | Bought an embroidered hat for 182 gold pieces
 22582 | Orc:2    | Learned a level 5 spell: Summon Mana Viper
 22588 | Orc:2    | Learned a level 5 spell: Freezing Cloud
 22797 | Swamp:1  | Entered Level 1 of the Swamp
 22824 | Swamp:1  | Reached skill level 1 in Hexes
 22901 | Swamp:1  | Identified the +1 hand axe of Uxzyn {vamp, *Rage rF+ rC+++
                  | Stlth+}
 23025 | Swamp:1  | Reached skill level 5 in Conjurations
 23089 | Swamp:1  | Reached skill level 5 in Air Magic
 23089 | Swamp:1  | Reached skill level 5 in Alchemy
 23113 | Swamp:1  | Noticed Nikola
 23131 | Swamp:1  | Killed Nikola
 23132 | Swamp:1  | Reached skill level 5 in Spellcasting
 23202 | Swamp:1  | Identified the +1 plate armour of Souciy {+Inv Will+ rCorr}
 23260 | Swamp:1  | Noticed Roxanne
 23277 | Swamp:1  | Killed Roxanne
 23278 | Swamp:1  | Reached skill level 1 in Shapeshifting
 23281 | Swamp:1  | Identified the +6 leather armour "Xigot" {^Contam Harm
                  | Will+ SInv}
 23574 | Swamp:2  | Noticed Caerwyn's ghost (adept KoBe)
 23577 | Swamp:2  | Found a transporter.
 23578 | Swamp:2  | Found a bloodstained altar of Trog.
 23591 | Swamp:2  | Found a transporter.
 23858 | Swamp:2  | Reached skill level 5 in Shapeshifting
 24115 | Swamp:2  | Noticed a fenstrider witch
 24351 | Swamp:2  | Killed a fenstrider witch
 24825 | Swamp:3  | Reached XP level 17. HP: 136/142 MP: 24/24
 25053 | Swamp:4  | Entered Level 4 of the Swamp
 25060 | Swamp:4  | Noticed a tentacled monstrosity
 25625 | Swamp:4  | Reached skill level 10 in Shapeshifting
 25678 | Swamp:4  | Identified the +5 rapier "Muffar" {freeze, Int+4}
 25702 | Swamp:4  | Killed a tentacled monstrosity
 26230 | Swamp:4  | Noticed a tentacled monstrosity
 26239 | Swamp:4  | Killed a tentacled monstrosity
 26257 | Swamp:4  | Noticed the 27-headed Lernaean hydra
 26265 | Swamp:4  | Killed the 27-headed Lernaean hydra
 26265 | Swamp:4  | Charmed the 27-headed Lernaean hydra
 26356 | Swamp:4  | Got a decaying rune of Zot
 26732 | Swamp:2  | Killed Caerwyn's ghost
 26899 | Spider:1 | Entered Level 1 of the Spider Nest
 26974 | Spider:1 | Your ally bound 27-headed Lernaean hydra died
 27266 | Spider:1 | Reached XP level 18. HP: 149/149 MP: 18/25
 27319 | Spider:1 | Identified the +4 mace "Meute" {spect, Int+5}
 28274 | Spider:2 | Learned a level 2 spell: Lesser Beckoning
 28277 | Spider:2 | Learned a level 2 spell: Blink
 28325 | Spider:3 | Reached skill level 15 in Shapeshifting
 29032 | Spider:4 | Entered Level 4 of the Spider Nest
 29136 | Spider:4 | Reached skill level 1 in Translocations
 29468 | Spider:3 | Reached skill level 5 in Hexes
 29704 | Spider:4 | Reached skill level 19 in Dodging
 29748 | Spider:4 | Noticed Arachne
 29755 | Spider:4 | Killed Arachne
 29821 | Spider:4 | Reached XP level 19. HP: 153/153 MP: 0/28
 30156 | Spider:4 | Identified the orb of Nisuil {*channel, Fly rElec Int+5}
 30197 | Spider:4 | Found the +0 pair of fencer's gloves {Riposte Dex+3}
 30204 | Spider:4 | Got a gossamer rune of Zot
 30653 | D:2      | Bought a scroll of identify for 22 gold pieces
 30653 | D:2      | Bought a scroll of identify for 22 gold pieces
 30653 | D:2      | Bought a scroll of identify for 22 gold pieces
 30663 | D:2      | Learned a level 4 spell: Manifold Assault
 30878 | Elf:1    | Entered Level 1 of the Elven Halls
 30932 | Elf:1    | Found a radiant altar of Vehumet.
 30934 | Elf:1    | Noticed Zenata
 30954 | Elf:1    | Killed Zenata
 31019 | Elf:1    | Identified the serpent talisman "Acagid" {rElec Str+4}
 31019 | Elf:1    | Noticed Aizul
 31038 | Elf:1    | Killed Aizul
 31065 | Elf:1    | Your ally Aizul died
 31263 | Elf:1    | Noticed Asterion
 31277 | Elf:1    | Killed Asterion
 31342 | Elf:1    | Found Lishrin's Mass Market.
 31518 | Elf:1    | Found Daomuewn's Book Emporium.
 31527 | Elf:1    | Bought a book of the Moon for 680 gold pieces
 31533 | Elf:1    | Learned a level 5 spell: Silence
 31880 | Elf:2    | Identified the blade talisman of Enosipni {Dex+2}
 32273 | Elf:2    | Found a runed translucent gate.
 32274 | Elf:2    | Found a runed translucent gate.
 32274 | Elf:2    | Found a runed translucent gate.
 32446 | Elf:2    | Noticed Saint Roka
 32489 | Elf:2    | Reached skill level 10 in Hexes
 32495 | Abyss:2  | Cast into level 2 of the Abyss (+4 battleaxe of distortion)
 32632 | Abyss:2  | Found a corrupted altar of Lugonu.
 32793 | Abyss:2  | Reached XP level 20. HP: 119/162 MP: 32/32
 32806 | Elf:2    | Escaped the Abyss
 32806 | Elf:2    | Slain by a +4 battleaxe of distortion

Illustrated notes

Levels and vault maps discovered:
D:1:      minmay_arrival_plants_in_alcoves, layout_basic, serial_park_tiny_pond,
          minmay_misc_feat_ornament, nrook_mini_backslash
D:2:      layout_basic, serial_shops, nicolae_shop_stone, basic_altar,
          nrook_mini_vaults, uniq_sigmund, uniq_jessica
D:3:      layout_loops_cross, st_stairs_2, uniq_robin
D:4:      kennysheep_spiral_hall, layout_loops_ring,
          minmay_temple_entry_proselytizer, minivault_24
D:5:      layout_basic, gammafunk_ghost_icy, uniq_ijyb
D:6:      layout_loops_cross, chei_slow_surprise, ebering_ghost_disaster_area
D:7:      layout_basic, hangedman_decor_lopped, dk_rats_in_the_wall
D:8:      statuecave_lemuel, layout_layer_cave, nicolae_vehumet_altar_sigil,
          lair_entry_dummy
D:9:      cheibrodos_shockbox, layout_basic, serial_shops, nicolae_shop_trees
D:10:     minmay_diamond_stairs, layout_long_grid,
          grunt_temple_overflow_cloverleaf, uniq_harold
D:11:     layout_gridville, orc_0_dummy, enter_trove_6, portal_ice_cave_rime,
          ashenzari_conservatory_becter, uniq_erica, uniq_nergalle
D:12:     layout_loops_corners
D:13:     layout_rooms, uniq_rupert
D:14:     layout_cave_pools, david_vaults_3, serial_shops,
          nicolae_shop_statue_plus, infiniplex_staircase_x,
          hellmonk_guarded_unrand_starlight
D:15:     hangedman_depths_entry_civil_slaughter, layout_loops_corners,
          serial_bayou, serial_bayou_lagoon_a, serial_bayou_pond_d,
          serial_bayou_pond_d, serial_bayou_lake_a, palyth_stone_intersect,
          minivault_7
Temple:   nicolae_temple_superstar
Lair:1:   layout_misc_corridors
Lair:2:   layout_regular_city, swamp_mist, nicolae_spider_entry_lesser_pyramids,
          serial_bayou_shore_a, grunt_megastairs_1, infiniplex_staircase_pool_2
Lair:3:   layout_roguey, special_room [special_room_mythical_zoo], uniq_snorg
Lair:4:   layout_cave_pods, bobbens_dragon_lair_wall
Lair:5:   gammafunk_lair_ancient_temple, layout_long_grid,
          dpeg_slime_entry_enclosed, serial_bayou_ford_a, lemuel_fruit_tree,
          uniq_urug
Swamp:1:  layout_basic_swamp, nicolae_swamp_small_spring, uniq_roxanne,
          uniq_nikola
Swamp:2:  nicolae_swamp_standing_stones, layout_basic_swamp,
          gammafunk_ghost_wrathful_warriors, evilmike_swamp_ruin_house_2
Swamp:3:  layout_basic_swamp, nicolae_swamp_dense_foliage
Swamp:4:  swamp_old_school, layout_basic_swamp, swamp_pool_1_2,
          nicolae_swamp_bean_lake
Spider:1: layout_spider_delve
Spider:2: layout_spider_delve, nicolae_spider_world_wide_web
Spider:3: layout_spider_delve
Spider:4: johnstein_spider_rune_arachne_lair, drop_trap
Orc:1:    layout_caves, basic_altar
Orc:2:    hellmonk_orc_salted, layout_diamond_mine, nicolae_orc_minecarts
Elf:1:    eino_elf_arrival_altar, layout_geoelf_diagonals, serial_shops, shop,
          minmay_elf_crystal_hexagon, minmay_shop_mass, uniq_zenata,
          uniq_asterion, uniq_aizul
Elf:2:    nicolae_elf_blades_crystal_corner, layout_loops_corners,
          uniq_saint_roka

Skill      XL: |  1  2  3  4  5  6  7  8  9 10 11 12 13 14 15 16 17 18 19 |
---------------+----------------------------------------------------------+-----
Fighting       | 2 5 6 8 9 10 12 13 14 15 | 15.0
Evocations     | 4 |  4.0
Long Blades    | 2 4 8 12 13 15 16 | 16.0
Dodging        | 2 4 7 10 12 16 18 19 | 19.7
Invocations    | 1 2 4 5 6 7 8 9 |  9.4
Armour         | 3 4 6 |  6.0
Spellcasting   | 3 5 6 8 |  8.2
Conjurations   | 3 5 |  5.0
Air Magic      | 3 5 6 9 |  9.2
Alchemy        | 3 5 |  5.0
Hexes          | 3 6 10 | 10.3
Shapeshifting  | 8 14 16 | 16.0
Translocations | 3 4 |  4.0
Stealth        | |  0.8

Action                     |  1- 3 |  4- 6 |  7- 9 | 10-12 | 13-15 | 16-18 | 19-21 || total
---------------------------+-------+-------+-------+-------+-------+-------+-------++-------
  Melee: Hand axe          |    67 |       |       |       |       |       |       ||    67
         Punch             |     1 |       |     2 |     9 |    18 |    25 |     9 ||    64
         Long sword        |       |       |   162 |   151 |       |       |       ||   313
         Scimitar          |       |       |       |   215 |  1006 |  1067 |   450 ||  2738
   Fire: Sling             |     8 |   212 |    35 |       |       |       |       ||   255
         Shortbow          |       |       |   122 |    54 |       |       |       ||   176
  Throw: Throwing net      |       |       |       |     1 |       |       |       ||     1
   Cast: Mephitic Cloud    |       |       |       |       |       |    32 |    15 ||    47
         Lesser Beckoning  |       |       |       |       |       |     2 |       ||     2
         Blink             |       |       |       |       |       |     1 |       ||     1
         Silence           |       |       |       |       |       |       |     7 ||     7
         Manifold Assault  |       |       |       |       |       |       |     1 ||     1
 Invoke: Recall Undead Har |       |       |     1 |     2 |    10 |     8 |     2 ||    23
         Dark Bargain      |       |       |       |     1 |     4 |     5 |       ||    10
         Bind Soul         |       |       |       |     1 |     4 |     1 |       ||     6
         Drain Life        |       |       |       |       |       |     1 |       ||     1
Ability: Hop               |     1 |     3 |     2 |     3 |     4 |     7 |     2 ||    22
         Begin Untransform |       |       |       |       |       |     1 |     1 ||     2
  Evoke: Wand              |     1 |       |    11 |    14 |     3 |     2 |     1 ||    32
         Phantom mirror    |       |       |       |       |       |     2 |     1 ||     3
    Use: Scroll            |       |     2 |     5 |     4 |    13 |     5 |     5 ||    34
         Potion            |       |       |       |       |       |       |     1 ||     1
   Stab: Sleeping          |     1 |       |       |     1 |       |     1 |       ||     3
         Distracted        |       |       |     3 |     6 |    10 |    19 |     7 ||    45
         Invisible         |       |       |       |       |    46 |    82 |    20 ||   148
         Petrified         |       |       |       |       |    67 |    43 |       ||   110
         Petrifying        |       |       |       |       |    14 |     3 |       ||    17
         Confused          |       |       |       |       |       |    15 |    13 ||    28
 Armour: Leather armour    |    77 |    67 |       |       |       |       |       ||   144
         Ring mail         |       |    16 |   240 |   309 |   396 |   388 |       ||  1349
         Skin              |       |     4 |       |       |       |   331 |   365 ||   700
  Dodge: Dodged            |    78 |    85 |   214 |   277 |   998 |  1928 |   816 ||  4396
   Form: Statue            |       |       |       |       |       |     3 |     1 ||     4
                           |       |       |       |       |       |     1 |       ||     1

Table legend: (Time is in decaauts)
 A = Elapsed time spent in this place.
 B = Non-inter-level travel time spent in this place.
 C = Inter-level travel time spent in this place.
 D = Time resting spent in this place.
 E = Time spent auto-exploring this place.
 F = Levels seen in this place.
 G = Mean time per level.
                   A        B        C        D        E       F      G
               +--------+--------+--------+--------+--------+-----+--------+
         Total |  38646 |  34171 |   4475 |   5493 |  20469 |  35 | 1104.2 |
       Dungeon |  19391 |  16572 |   2819 |   3253 |  10024 |  15 | 1292.7 |
        Temple |     31 |      2 |     29 |      0 |      0 |   1 |   31.0 |
          Lair |   4856 |   4373 |    483 |     47 |   3400 |   5 |  971.2 |
         Swamp |   4385 |   3902 |    483 |    840 |   2045 |   4 | 1096.2 |
   Spider Nest |   4902 |   4557 |    345 |    687 |   2559 |   4 | 1225.5 |
  Orcish Mines |   1517 |   1271 |    246 |     67 |    849 |   2 |  758.5 |
   Elven Halls |   2273 |   2205 |     68 |    130 |   1411 |   2 | 1136.5 |
         Abyss |    430 |    430 |      0 |     23 |     12 |   1 |  430.0 |
      Ice Cave |    857 |    857 |      0 |    443 |    168 |   1 |  857.0 |
               +--------+--------+--------+--------+--------+-----+--------+

Top non-repeatable levels by time:
     D:8: 2079 daAuts
Spider:3: 1737 daAuts
     D:9: 1695 daAuts
    D:10: 1576 daAuts
 Swamp:2: 1508 daAuts
     D:7: 1504 daAuts
     D:1: 1332 daAuts
Spider:4: 1312 daAuts
    D:11: 1304 daAuts
     D:2: 1290 daAuts
    D:15: 1274 daAuts
     D:4: 1153 daAuts
Spider:2: 1153 daAuts
   Elf:1: 1149 daAuts
    D:14: 1133 daAuts
